 Dungeon Crawl Stone Soup version 0.31-a0-750-gfe7b580527 (webtiles) character file.

Game seed: 16633387764222479491

47034 Dirtsage the Severer (level 14, -4/174 HPs)
             Began as a Demonspawn Berserker on Sept 14, 2023.
             Was a High Priest of Trog.
             Slain by an ice devil (10 damage)
             ... summoned by an orc high priest
             ... on level 2 of the Orcish Mines.
             The game lasted 00:43:27 (15622 turns).

Dirtsage the Severer (Demonspawn Berserker)        Turns: 15622, Time: 00:43:27

Health: -4/174     AC: 22    Str: 23      XL:     14   Next: 7%
Magic:  0/14       EV:  6    Int:  6      God:    Trog [*****.]
Gold:   948        SH:  5    Dex: 12 (13) Spells: 13/13 levels left

rFire   + . .        B - +0 war axe (venom)
rCold   . . .        T - +0 buckler
rNeg    . . .        Y - +2 plate armour {rF+}
rPois   .            V - +2 hat
rElec   .            p - +0 cloak
rCorr   .            w - +2 pair of gloves
SInv    +            (no boots)
Will    +....        U - amulet of guardian spirit Stlth
                     v - +4 ring of protection
HPRegen 9.49/turn    S - ring of see invisible
MPRegen 0.14/turn

%: guardian spirit
@: mighty, berserking, spiked, very quick
A: antennae 1, ignite blood 2, powered by death 3, hooves 1, deterioration 1,
dopey 1
a: Renounce Religion, Berserk, Trog's Hand, Brothers in Arms


You were on level 2 of the Orcish Mines.
You worshipped Trog.
Trog was extremely pleased with you.
You visited 4 branches of the dungeon, and saw 19 of its levels.
You also visited: Sewer and Volcano.

You collected 948 gold pieces.

Inventory:

Hand Weapons
 a - a +1 hand axe
 n - a +2 hand axe of flaming
 B - a +0 war axe of venom (weapon)
Armour
 p - a +0 cloak (worn)
 w - a +2 pair of gloves (worn)
 T - a +0 buckler (worn)
 V - a +2 hat (worn)
 X - a +0 scale mail of fire resistance
 Y - a +2 plate armour of fire resistance (worn)
Jewellery
 f - a ring of flight
 i - a +5 ring of evasion
 v - a +4 ring of protection (left hand)
 N - a ring of willpower
 P - a ring of poison resistance
 S - a ring of see invisible (right hand)
 U - an amulet of guardian spirit (around neck)
Wands
 y - a wand of quicksilver (11)
 z - a wand of roots (5)
 D - a wand of digging (5)
 J - a wand of mindburst (18)
 K - a wand of flame (11)
Scrolls
 b - 2 scrolls of noise
 c - 2 scrolls of silence {unknown}
 e - a scroll of brand weapon
 g - a scroll of fear
 o - 3 scrolls of amnesia
 r - a scroll of enchant armour
 s - 4 scrolls of revelation
 t - 2 scrolls of teleportation
 A - 2 scrolls of immolation
 C - a scroll of vulnerability {unknown}
 F - 4 scrolls of enchant weapon
 H - a scroll of blinking {unknown}
 I - 3 scrolls of fog
 M - 4 scrolls of poison
 R - a scroll of torment {unknown}
Potions
 d - 3 potions of might
 h - 3 potions of haste
 j - 3 potions of attraction
 k - 5 potions of enlightenment
 l - 4 potions of heal wounds
 m - a potion of lignification {unknown}
 q - 2 potions of curing
 u - a potion of ambrosia
 x - a potion of berserk rage {unknown}
 E - 2 potions of magic {unknown}
 G - a potion of resistance {unknown}
 L - 2 potions of cancellation {unknown}
 O - 3 potions of mutation
 Q - 2 potions of invisibility


   Skills:
 + Level 12.7 Fighting
 * Level 17.6 Axes
 - Level 1.7 Armour
 - Level 1.7 Dodging
 * Level 7.4 Shields
 + Level 5.4 Evocations


You had 13 spell levels left.
You didn't know any spells.
Your spell library contained the following spells:

 Spells                   Type           Power      Damage    Failure   Level
 Slow                     Hex            0%         N/A       100%        1
 Sting                    Tmut/Pois      0%         1d3       100%        1
 Summon Small Mammal      Summ           0%         N/A       100%        1
 Poisonous Vapours        Pois/Air       0%         N/A       100%        2
 Sublimation of Blood     Necr           0%         N/A       100%        2
 Wereblood                Tmut           0%         N/A       100%        2
 Call Canine Familiar     Summ           0%         N/A       100%        3
 Confusing Touch          Hex            0%         N/A       100%        3
 Dazzling Flash           Conj/Hex       0%         N/A       100%        3
 Frozen Ramparts          Ice            0%         1d1       100%        3
 Ignite Poison            Fire/Tmut/Pois 0%         N/A       100%        3
 Mephitic Cloud           Conj/Pois/Air  0%         N/A       100%        3
 Sigil of Binding         Hex            0%         N/A       100%        3
 Stone Arrow              Conj/Erth      0%         3d7       100%        3
 Summon Guardian Golem    Hex/Summ       0%         N/A       100%        3
 Tukima's Dance           Hex            0%         N/A       100%        3
 Vampiric Draining        Necr           0%         2d6       100%        3
 Volatile Blastmotes      Fire/Tloc      0%         2d10      100%        3
 Animate Armour           Summ/Erth      0%         N/A       100%        4
 Dimensional Bullseye     Hex/Tloc       0%         N/A       100%        4
 Iskenderun's Mystic Bla  Conj/Tloc      0%         2d3       100%        4
 Petrify                  Tmut/Erth      0%         N/A       100%        4
 Summon Ice Beast         Ice/Summ       0%         N/A       100%        4
 Alistair's Intoxication  Tmut/Pois      0%         N/A       100%        5
 Freezing Cloud           Conj/Ice/Air   0%         6-21      100%        5
 Metabolic Englaciation   Hex/Ice        0%         N/A       100%        5
 Summon Mana Viper        Hex/Summ       0%         N/A       100%        5
 Yara's Violent Unravell  Hex/Tmut       0%         3d3       100%        5
 Starburst                Conj/Fire      0%         6d3       100%        6
 Haunt                    Necr/Summ      0%         N/A       100%        7
 Monstrous Menagerie      Summ           0%         N/A       100%        7
 Summon Hydra             Summ           0%         N/A       100%        7
 Borgnjor's Revivificati  Necr           0%         N/A       100%        8
 Lehudib's Crystal Spear  Conj/Erth      0%         10d2      100%        8
 Maxwell's Capacitive Co  Air            0%         ∞         100%        8
 Death's Door             Necr           0%         N/A       100%        9


Dungeon Overview and Level Annotations

Branches:
Dungeon (11/15)            Temple (1/1) D:7            Lair (5/5) D:9
 Shoals (0/4) Lair:2       Spider (0/4) Lair:3          Orc (2/2) D:11
  Sewer (visited)         Volcano (visited)
  Slime: Lair:4-5       Elf: Orc:2

Altars:
Ashenzari
Cheibriados
Dithmenos
Fedhas
Gozag
Hepliaklqana
Kikubaaqudgha
Makhleb
Nemelex Xobeh
Okawaru
Qazlal
Ru
Sif Muna
Trog
Uskayaw
Vehumet
Wu Jian
Xom
Yredelemnul

Shops:
D:4 *   Orc:2 :

Annotations:
D:6 2 transporters, Stil's ghost, novice OpSh
D:8 2 transporters, exclusion: obsidian statue


Innate Abilities, Weirdness & Mutations

You have a pair of small antennae on your head.
Your demonic aura often causes spilled blood to erupt in flames.
You regenerate a lot of health from kills.
You have large cloven feet.
Your body sometimes deteriorates upon taking damage.
You are dopey. (Int -2)


Message History

You kill the ogre!
Trog accepts your kill. Trog grants you a weapon!
Something appears at your feet!
You see here the +4 executioner's axe of Lacin {heavy, Fragile rC+ Dex+3}.
You slice the orc knight!! You slice the ice devil!!
The ice devil hits you but does no damage.
You regained 3 hp, and now have 38/174 hp.
You closely miss the orc knight.
You kick the orc knight, but do no damage.
The orc knight is almost dead.
You barely miss the ice devil. You slash the orc warlord!
The orc warlord looks as sick as possible!
The orc warrior hits you from afar with a +0 halberd.
* * * LOW HITPOINT WARNING * * *
The orc knight is engulfed in blazing flames.
The orc knight hits you with a +0 battleaxe!
* * * LOW HITPOINT WARNING * * *
The orc warrior hits you from afar with a +0 trident!
* * * LOW HITPOINT WARNING * * *
The orc warrior is engulfed in blazing flames.
The orc warrior hits you from afar with a +0 trident of protection.
* * * LOW HITPOINT WARNING * * *
The orc warrior hits you from afar with a +0 halberd.
* * * LOW HITPOINT WARNING * * *
The orc warlord is engulfed in blazing flames.
The orc warlord roars a battlecry!
The orc warrior goes into a battle-frenzy!
You take 33 damage, and have 5/174 hp.
You now have 0/14 mp.
You are too berserk!
You are too berserk!
You slash the orc knight!
You feel the power of Trog in you as your rage grows.
You kill the orc knight!
Trog accepts your kill. The orc warlord blocks your attack.
You closely miss the ice devil. The ice devil hits you.
* * * LOW HITPOINT WARNING * * *
The ice devil freezes you!
You die...

### ##.###
##.○..##...
#.°o°....$. #.○@#,
#o○4°oo..P.
#3ooooo.o...
##.5oo4o....
...o5..P... ###
#...o....∩..
###.##............
##.<§).#.....P...8.
#.4))o)......


You could see an orc warlord (extremely poisoned), 2 orc high priests, an ice
devil (summoned), a rust devil (summoned), a ynoxinul (summoned), 9 orc
warriors, an orc priest (strong), 2 orcs and 2 ufetubi.

Vanquished Creatures
  Snorg (Orc:1)
  Fannar (D:10)
  3 boulder beetles
  6 two-headed ogres
  An orc high priest (Orc:2)
  3 orc knights
  3 orc sorcerers
  A salamander (Volcano)
  An oklob plant (Lair:3)
  A black mamba (Lair:2)
  4 elephants (Lair:4)
  A torpor snail (Lair:4)
  12 centaur zombies (D:11)
  10 cane toads
  An unseen horror (D:10)
  3 rime drakes
  7 komodo dragons
  2 polar bears (Lair:3)
  5 trolls
  A hornet (D:9)
  8 dream sheep (Lair:4)
  25 blink frogs
  A meliai zombie (D:11)
  2 spriggans (Lair:3)
  5 shadows (D:11)
  3 vampires (D:11)
  2 wraiths (D:11)
  2 wyverns
  A fire bat (Volcano)
  17 yaks
  A basilisk (Lair:3)
  4 vampire mosquitoes (D:11)
  2 steam dragons (D:8)
  4 wargs
  16 water moccasins
  2 acid dragons (D:11)
  A hell hound (Volcano)
  2 ice beasts
  19 orc warriors
  3 sky beasts (D:8)
  5 black bears
  4 ogres
  6 wolves (Lair:3)
  5 centaurs
  A phantom (D:6)
  2 kobold brigands
  A gnoll sergeant (D:8)
  11 bullfrogs
  3 scorpions
  8 wights
  21 killer bees
  13 howler monkeys
  5 hounds
  4 jellies
  Crazy Yiuf (D:4)
  9 orc priests
  3 sleepcaps
  Terence (D:3)
  A boggart zombie (D:11)
  3 iguanas
  23 orc wizards
  4 hell rats (Lair:1)
  9 gnolls
  9 adders
  3 river rats
  3 white imps
  A worm (D:3)
  2 dart slugs
  71 orcs
  6 ball pythons
  7 endoplasms
  2 giant cockroaches
  9 hobgoblins
  A jackal (Sewer)
  2 quokkas
  6 bats
  A frilled lizard (D:1)
  6 goblins
  22 kobolds
  13 rats
494 creatures vanquished.

Vanquished Creatures (collateral kills)
  2 hydras
2 creatures vanquished.

Vanquished Creatures (others)
  A fire bat (Volcano)
1 creature vanquished.

Grand Total: 497 creatures vanquished

Notes
Turn   | Place    | Note
-------+----------+-------------------------------------------
     0 | D:1      | Dirtsage the Demonspawn Berserker began the quest for the
                  | Orb.
     0 | D:1      | Reached XP level 1. HP: 18/18 MP: 1/1
    88 | D:1      | Reached skill level 3 in Axes
   165 | D:1      | Gained mutation: You regenerate a little health from kills.
                  | [demonic ancestry]
   165 | D:1      | Reached XP level 2. HP: 23/24 MP: 2/2
   287 | D:1      | Found a faded altar of an unknown god.
   587 | D:1      | Got the Octavo of Shaping
   897 | D:1      | Reached ** piety under Trog
  1105 | D:2      | Reached XP level 3. HP: 29/29 MP: 3/3
  1401 | D:2      | Reached skill level 4 in Axes
  1850 | D:3      | Reached XP level 4. HP: 29/35 MP: 4/4
  2017 | D:3      | Noticed Terence
  2027 | D:3      | Killed Terence
  2028 | D:3      | Reached skill level 5 in Axes
  2179 | D:3      | You are sucked into a shaft and drop 1 floor!
  2219 | D:4      | Found a glowing drain.
  2223 | Sewer    | Entered a sewer
  2237 | Sewer    | Reached XP level 5. HP: 25/41 MP: 5/5
  2483 | D:4      | Reached skill level 6 in Axes
  2503 | D:4      | Gained mutation: You have a pair of small antennae on your
                  | head. [demonic ancestry]
  2503 | D:4      | Reached XP level 6. HP: 41/47 MP: 6/6
  2533 | D:4      | Reached *** piety under Trog
  2571 | D:4      | Noticed a water moccasin
  2582 | D:4      | Killed a water moccasin
  2583 | D:4      | Reached skill level 7 in Axes
  2602 | D:4      | Noticed a water moccasin
  2641 | D:4      | Killed a water moccasin
  2642 | D:4      | Reached XP level 7. HP: 13/52 MP: 7/7
  2646 | D:4      | Gained mutation: You are dopey. (Int -2) [potion of
                  | mutation]
  2646 | D:4      | Gained mutation: Your body sometimes deteriorates upon
                  | taking damage. [potion of mutation]
  2646 | D:4      | Gained mutation: You have large cloven feet. [potion of
                  | mutation]
  2647 | D:4      | HP: 1/52 [poisoned by a water moccasin]
  2763 | D:4      | Reached skill level 8 in Axes
  2791 | D:4      | Found Odaganem's Serpentskin Sales.
  3062 | D:4      | Found a shimmering blue altar of Sif Muna.
  3426 | D:4      | Found a blossoming altar of Fedhas.
  3469 | D:4      | Found a runed translucent door.
  3470 | D:4      | Noticed Crazy Yiuf
  3478 | D:4      | Killed Crazy Yiuf
  3812 | D:5      | Entered Level 5 of the Dungeon
  3948 | D:5      | Gained mutation: Your demonic aura sometimes causes spilled
                  | blood to erupt in flames. [demonic ancestry]
  3948 | D:5      | Reached XP level 8. HP: 58/58 MP: 8/8
  3958 | D:5      | Reached skill level 9 in Axes
  5003 | D:6      | Found a transporter.
  5072 | D:6      | Found a hazy altar of Hepliaklqana.
  5234 | D:6      | Noticed Stil's ghost (novice OpSh)
  5252 | D:6      | Found a transporter.
  5564 | D:6      | Found an ornate altar of the Wu Jian Council.
  5592 | D:6      | Found a snail-covered altar of Cheibriados.
  5599 | D:6      | Found a sparkling altar of Nemelex Xobeh.
  5926 | D:7      | Found a staircase to the Ecumenical Temple.
  5940 | D:7      | Reached skill level 10 in Axes
  5950 | Temple   | Entered the Ecumenical Temple
  5967 | D:7      | Found an opulent altar of Gozag.
  5976 | D:7      | Reached skill level 5 in Fighting
  6120 | D:7      | Gained mutation: You regenerate health from kills. [demonic
                  | ancestry]
  6120 | D:7      | Reached XP level 9. HP: 68/68 MP: 9/9
  6424 | D:7      | Found a radiant altar of Vehumet.
  6652 | D:8      | Found a transporter.
  6653 | D:8      | Found the brooch of Shielding {Spirit SH+8}
  6654 | D:8      | Noticed a four-headed hydra
  6654 | D:8      | Noticed a manticore
  6654 | D:8      | Noticed a centaur warrior
  6656 | D:8      | Noticed a centaur warrior
  6656 | D:8      | Noticed an obsidian statue
  6748 | D:8      | Reached skill level 11 in Axes
  6810 | D:8      | Reached **** piety under Trog
  7066 | D:8      | Found a transporter.
  7327 | D:8      | Reached skill level 12 in Axes
  7387 | D:8      | Reached XP level 10. HP: 73/79 MP: 10/10
  7658 | D:9      | Found a staircase to the Lair.
  8226 | D:10     | Entered Level 10 of the Dungeon
  8271 | D:10     | Noticed Fannar
  8278 | D:10     | Killed Fannar
  8279 | D:10     | Reached skill level 13 in Axes
  8604 | D:10     | Noticed a two-headed ogre
  8610 | D:10     | Killed a two-headed ogre
  8710 | D:10     | Reached ***** piety under Trog
  8757 | D:10     | Reached XP level 11. HP: 89/89 MP: 11/11
  9016 | Lair:1   | Entered Level 1 of the Lair of Beasts
  9368 | Lair:1   | Reached skill level 14 in Axes
  9851 | Lair:2   | Reached skill level 10 in Fighting
  9902 | Lair:2   | Reached skill level 15 in Axes
 10125 | Lair:2   | Found a staircase to the Shoals.
 10189 | Lair:2   | You fall into a shaft and drop 2 floors!
 10243 | Lair:4   | Gained mutation: You regenerate a lot of health from kills.
                  | [demonic ancestry]
 10243 | Lair:4   | Reached XP level 12. HP: 79/99 MP: 12/12
 10978 | Lair:3   | Received a gift from Trog
 11010 | Lair:3   | Noticed an eight-headed hydra
 11022 | Lair:3   | Killed a nine-headed hydra
 11023 | Lair:3   | Reached skill level 16 in Axes
 11302 | Lair:3   | Reached skill level 1 in Shields
 11307 | Lair:3   | Reached skill level 1 in Evocations
 11424 | Lair:3   | Found a hole to the Spider Nest.
 11933 | Lair:4   | Noticed a boulder beetle
 11952 | Lair:4   | Killed a boulder beetle
 12650 | Lair:4   | Noticed a boulder beetle
 12670 | Lair:4   | Killed a boulder beetle
 12674 | Lair:4   | Noticed a five-headed hydra
 12679 | Lair:4   | Reached XP level 13. HP: 105/107 MP: 11/13
 13273 | Lair:5   | Entered Level 5 of the Lair of Beasts
 13629 | D:11     | Reached skill level 5 in Shields
 13738 | D:11     | Reached skill level 17 in Axes
 14216 | D:11     | Found a staircase to the Orcish Mines.
 14315 | Orc:1    | Entered Level 1 of the Orcish Mines
 14447 | Orc:1    | Noticed Snorg
 14479 | Orc:1    | Killed Snorg
 14480 | Orc:1    | Reached skill level 5 in Evocations
 14562 | Orc:1    | Found a dark tunnel.
 14574 | Volcano  | Entered a volcano
 15225 | Orc:2    | Entered Level 2 of the Orcish Mines
 15225 | Orc:2    | Found Couny's Book Shop.
 15238 | Orc:2    | Paralysed by an orc sorcerer for 4 turns
 15468 | Orc:2    | Noticed an orc warlord
 15473 | Orc:2    | Gained mutation: Your demonic aura often causes spilled
                  | blood to erupt in flames. [demonic ancestry]
 15473 | Orc:2    | Reached XP level 14. HP: 99/116 MP: 11/14
 15620 | Orc:2    | Identified the +4 executioner's axe of Lacin {heavy,
                  | Fragile rC+ Dex+3} (Trog gifted it to you on level 2 of the
                  | Orcish Mines)
 15620 | Orc:2    | Received a gift from Trog
 15621 | Orc:2    | HP: 5/174 [orc warrior/+0 halberd (6)]
 15622 | Orc:2    | Slain by an ice devil

Illustrated notes

Levels and vault maps discovered:
D:1:      sevenhm_arrival_forest_fort_large_3, layout_basic,
          hellmonk_ecumenical_altar_lost_god, minmay_misc_feat_five,
          minmay_pentomino_s2
D:2:      layout_basic
D:3:      layout_basic, elyvilon_altar_3, uniq_terence
D:4:      layout_loops_corners, tgw_sif, kennysheep_mini, gup_sewer_entry_bowl,
          guppyfry_shop_venom, uniq_crazy_yiuf_cottage
D:5:      layout_basic, serial_aquarium, aquarium_bridge_square
          [aquarium_subvault_balcony, aquarium_subvault_bridge,
          aquarium_subvault_bridge, aquarium_subvault_bridge],
          aquarium_window_1, aquarium_window_1, aquarium_view_2f,
          aquarium_view_2b, aquarium_balcony_5b
D:6:      layout_cave_pools, amcnicky_altar_gilded, nzn_wu_jian_council_hall,
          amethyst_overflow_temple_binary, gammafunk_ghost_smash
D:7:      layout_rooms, nicolae_gozag_cash_rules_everything_around_me,
          nicolae_vehumet_radiance, minmay_temple_entry_statues_pillars,
          dreamdust_gnoll_farm
D:8:      gammafunk_sealed_arena, layout_cave_pools, hangedman_misty_isle
D:9:      layout_basic, mainiacjoe_overflow_surrounded_room,
          erik_lair_orcish_takeover
D:10:     layout_basic, uniq_fannar
D:11:     layout_cave_pools, hiddenorc1_lemuel, serial_undead, serial_undead_a,
          serial_undead_f, serial_undead_d, serial_undead_b, serial_undead_a
Temple:   nicolae_temple_hex_pool
Lair:1:   layout_chaotic_city, grunt_forest_small_clearings,
          chequers_serial_rivers_micro_b
Lair:2:   layout_roguey, elwin_shoals_entry_rocks, grunt_megastairs_1
Lair:3:   layout_regular_city, spider_nest_entry_web_field,
          small_statue_intersection, forest_entry_grove, grunt_megastairs_4
Lair:4:   layout_long_grid
Lair:5:   evilmike_catoblepas_cave, layout_loops_ring, dpeg_slime_entry_corner,
          eino_small_chamber_without_monster, grunt_megastairs_5,
          lemuel_fruit_fields
Orc:1:    layout_caves, enter_volcano_2, uniq_snorg
Orc:2:    grunt_orc_gardens, layout_caves, grunt_orc_garden, grunt_orc_garden,
          grunt_orc_garden, grunt_orc_garden

Skill      XL: |  1  2  3  4  5  6  7  8  9 10 11 12 13 |
---------------+----------------------------------------+-----
Axes           | 3 4 5 6 7 8 10 12 13 15 16 17 | 17.6
Fighting       | 5 7 9 10 11 12 | 12.7
Shields        | 4 7 |  7.4
Evocations     | 2 5 |  5.4
Armour         | |  1.7
Dodging        | |  1.7

Action                     |  1- 3 |  4- 6 |  7- 9 | 10-12 | 13-15 || total
---------------------------+-------+-------+-------+-------+-------++-------
  Melee: Hand axe          |   142 |   137 |   202 |       |       ||   481
         Punch             |       |     2 |     2 |     1 |       ||     5
         Kick              |       |       |   103 |   158 |   133 ||   394
         War axe           |       |       |   201 |   526 |   356 ||  1083
 Invoke: Berserk           |       |     5 |    12 |     8 |     9 ||    34
         Trog's Hand       |       |       |     2 |     3 |     2 ||     7
         Brothers in Arms  |       |       |       |     1 |     1 ||     2
  Evoke: Wand              |       |       |     3 |     3 |       ||     6
    Use: Scroll            |       |     5 |     5 |    11 |     2 ||    23
         Potion            |       |     3 |     5 |     3 |     2 ||    13
 Armour: Animal skin       |    32 |       |       |       |       ||    32
         Leather armour    |     7 |       |       |       |       ||     7
         Ring mail         |    48 |    95 |   304 |   367 |       ||   814
         Chain mail        |       |       |       |    31 |   329 ||   360
         Plate armour      |       |       |       |       |   125 ||   125
         Scale mail        |       |       |       |       |    12 ||    12
  Dodge: Dodged            |   101 |    85 |   194 |   273 |   148 ||   801
  Block: Buckler           |       |       |       |    13 |   123 ||   136

Table legend: (Time is in decaauts)
 A = Elapsed time spent in this place.
 B = Non-inter-level travel time spent in this place.
 C = Inter-level travel time spent in this place.
 D = Time resting spent in this place.
 E = Time spent auto-exploring this place.
 F = Levels seen in this place.
 G = Mean time per level.
                   A        B        C        D        E       F      G
               +--------+--------+--------+--------+--------+-----+--------+
         Total |  15708 |  14665 |   1043 |   1551 |   9821 |  21 |  748.0 |
       Dungeon |   9832 |   9183 |    649 |    967 |   6050 |  11 |  893.8 |
        Temple |      1 |      1 |      0 |      0 |      0 |   1 |    1.0 |
          Lair |   4355 |   3988 |    367 |    186 |   3155 |   5 |  871.0 |
  Orcish Mines |    759 |    734 |     25 |    279 |    162 |   2 |  379.5 |
         Sewer |    253 |    253 |      0 |     38 |    108 |   1 |  253.0 |
       Volcano |    506 |    506 |      0 |     79 |    345 |   1 |  506.0 |
               +--------+--------+--------+--------+--------+-----+--------+

Top non-repeatable levels by time:
  Lair:4: 1500 daAuts
     D:4: 1440 daAuts
     D:5: 1371 daAuts
  Lair:3: 1326 daAuts
     D:1: 1009 daAuts
     D:8: 894 daAuts
    D:11: 853 daAuts
  Lair:2: 829 daAuts
    D:10: 779 daAuts
     D:6: 767 daAuts
     D:7: 763 daAuts
     D:9: 759 daAuts
  Lair:1: 694 daAuts
   Orc:1: 692 daAuts
     D:2: 670 daAuts
